 Dungeon Crawl Stone Soup version 0.17-a0-1399-gd5b76e1 (webtiles) character file.

165 urechis the Spear-Bearer (level 5, -5/38 HPs)
             Began as a Merfolk Gladiator on June 19, 2015.
             Was a Follower of Yredelemnul.
             Killed from afar by an orc wizard (12 damage)
             ... with a puff of flame
             ... on level 3 of the Dungeon.
             The game lasted 00:06:40 (2369 turns).

urechis the Spear-Bearer (Merfolk Gladiator)        Turns: 2369, Time: 00:06:40

Health: -5/38      AC:  5    Str: 15    XL:     5   Next: 46%
Magic:  5/5        EV: 13    Int:  8    God:    Yredelemnul [*.....]
Gold:   162        SH:  0    Dex: 15    Spells: 0 memorised, 4 levels left

rFire  . . .     SeeInvis .     a - +0 trident
rCold  . . .     Clarity  .     b - +0 leather armour
rNeg   . . .     SustAt   .     (no shield)
rPois  .         Gourm    .     c - +0 helmet
rElec  .         Spirit   .     n - +0 cloak
rCorr  .         Warding  .     (no gloves)
rMut   .         Stasis   .     (no boots)
MR     .....                    (no amulet)
Stlth  +.........               (no ring)
                                (no ring)

@: not resistant to hostile enchantments, very unstealthy
A: change form in water, swift swim
a: Animate Remains, Renounce Religion


You were on level 3 of the Dungeon.
You worshipped Yredelemnul.
Yredelemnul was aware of your devotion.
You were very hungry.

You visited 1 branch of the dungeon, and saw 3 of its levels.

You collected 162 gold pieces.

Inventory:

Hand weapons
 a - a +0 trident (weapon)
Missiles
 d - 3 throwing nets (quivered)
Armour
 b - a +0 leather armour (worn)
 c - a +0 helmet (worn)
 n - a +0 cloak (worn)
Jewellery
 f - an uncursed amulet of the gourmand {unknown}
Magical devices
 j - a wand of frost (21)
Scrolls
 h - a scroll of blinking {unknown}
 i - a scroll of amnesia {unknown}
 k - 2 scrolls of random uselessness {unknown}
 o - a scroll of identify {unknown}
Potions
 g - 2 potions of magic {unknown}
 l - a potion of curing
 m - a potion of mutation {unknown}
Comestibles
 e - 2 bread rations
 p - a beef jerky


   Skills:
 - Level 2.1 Fighting
 + Level 8.6 Polearms
 - Level 2.0 Throwing
 - Level 4.0 Dodging


You had 4 spell levels left.
You didn't know any spells.

Dungeon Overview and Level Annotations

Branches:
Dungeon (3/15)

Altars:
Yredelemnul


Message History

Press: ? - help, Dir - move target cursor, f/p - orc
Aim: an orc, wielding a hand axe of chopping and wearing a leather armour (heavily wounded)
Something you can't see is in the way.
You closely miss something. Something hits you.
* * * LOW HITPOINT WARNING * * *
You are too injured to fight recklessly!
You are too injured to fight recklessly!
You hit something but do no damage. Something hits you.
* * * LOW HITPOINT WARNING * * *
You miss something. Something hits you.
* * * LOW HITPOINT WARNING * * *
Something hits you.
* * * LOW HITPOINT WARNING * * *
You barely miss something. Something hits you but does no damage.
You miss something.
You hear some strange, mumbled words.
A puff of flame appears from out of thin air!
The puff of flame hits you!
You die...
Your body rises from the dead as a mindless zombie.

##### ########
#...###......#
#............#
#....(.......##
#...............
#..o))..o##....o
#.#{###### ....
#.#@#


oo. ## #.####### o. #. #.......# . #. #######.# #. #.##### #. #.)...# #. #####(#
#. #.# #. #.#######. You could see an orc.

Vanquished Creatures
  An orc wizard (D:3)
  4 adders
  2 oozes
  2 worms
  5 giant geckos
  6 orcs (D:3)
  6 bats
  2 giant cockroaches
  9 goblins
  11 hobgoblins
  3 jackals (D:1)
  A quokka (D:2)
  A ball python (D:3)
  5 giant newts
  5 kobolds
  6 rats
  A spectral orc (D:3)
70 creatures vanquished.

Notes
Turn   | Place    | Note
--------------------------------------------------------------
     0 | D:1      | urechis the Merfolk Gladiator began the quest for the Orb.
     0 | D:1      | Reached XP level 1. HP: 16/16 MP: 1/1
   115 | D:1      | Reached skill level 5 in Polearms
   125 | D:1      | Reached XP level 2. HP: 22/22 MP: 2/2
   247 | D:1      | Reached skill level 6 in Polearms
   247 | D:1      | Reached XP level 3. HP: 18/27 MP: 3/3
   849 | D:2      | Reached skill level 7 in Polearms
   849 | D:2      | Reached XP level 4. HP: 7/33 MP: 4/4
  1388 | D:3      | Found a basalt altar of Yredelemnul.
  1397 | D:3      | Became a worshipper of Yredelemnul the Dark
  1972 | D:3      | Reached skill level 8 in Polearms
  1972 | D:3      | Reached XP level 5. HP: 25/38 MP: 5/5
  2348 | D:3      | Acquired Yredelemnul's first power
  2369 | D:3      | Killed from afar by an orc wizard

Vault maps used:
D:1:      dpeg_arrival_brainrot
D:2:      minmay_door_path
D:3:      yredelemnul_forgotten_temple_becter, first_bread

Action                   |  1- 3 |  4- 6 || total
-------------------------+-------+-------++-------
Melee: Trident           |   127 |   168 ||   295
  Use: Potion            |       |     3 ||     3
 Stab: Sleeping          |     2 |     4 ||     6
  Eat: Chunk             |       |     4 ||     4
